[Event "*** SCC Grand Prix: Titled Tuesday Blitz"]
[Site "Chess.com"]
[Date "2020.06.02"]
[Round "2"]
[White "vovachesss"]
[Black "Quattroporte300"]
[Result "1-0"]
[WhiteElo "2645"]
[BlackElo "2317"]
[TimeControl "180+1"]
[EndTime "10:16:40 PDT"]
[Termination "vovachesss won by resignation"]

1. d4 Nf6 2. Nc3 d5 3. Bf4 a6 4. e3 Bf5 5. Nf3 Nbd7 6. Ne5 e6 7. g4 Bg6 8. h4 Bb4 9. h5 Ne4 10. hxg6 Nxc3 11. gxf7+ Kf8 12. Qd2 Nf6 13. Bd3 c5 14. bxc3 Ba5 15. Ng6+ Kxf7 16. Nxh8+ Qxh8 17. dxc5 g5 18.
Be5 Qc8 19. e4 Qxc5 20. Qxg5 Bxc3+ 21. Ke2 Bxe5 22. Qxe5 1-0

[Event "*** SCC Grand Prix: Titled Tuesday Blitz"]
[Site "Chess.com"]
[Date "2020.06.02"]
[Round "2"]
[White "Aygehovit1992"]
[Black "M1711"]
[Result "1-0"]
[WhiteElo "2722"]
[BlackElo "2476"]
[TimeControl "180+1"]
[EndTime "10:16:42 PDT"]
[Termination "Aygehovit1992 won by resignation"]

1. e4 e5 2. Nf3 Nc6 3. Bb5 a6 4. Ba4 Nf6 5. d3 d6 6. c4 g6 7. Nc3 Bg7 8. Nd5 O-O 9. Bg5 Bg4 10. h3 Bxf3 11. Qxf3 Nd4 12. Qxf6 Bxf6 13. Bxf6 b5 14. Bxd8 Rfxd8 15. Bd1 bxc4 16. dxc4 c6 17. Nc3 Rab8 18. b3 Kg7 19. Kd2 a5 20. Re1 h5 21. Rb1 h4 22. a3 Ra8 23. b4 axb4 24. axb4 Rdb8 25. Rb2 Ra1 26. Bf3 Rxe1 27. Kxe1 Rxb4 28. Rxb4 Nc2+ 29.
Kd2 Nxb4 30. Na4 Kf6 31. Kc3 c5 32. Nb6 Nc6 33. Nd5+ Ke6 34. g3 hxg3 35. fxg3 Nd4 36. Bd1 f5 37. Kd3 Nc6 38. h4 Nd4 39. h5 gxh5 40. Bxh5 Nc6 41. Bf3 Nd4 42. exf5+ Kxf5 43. Bd1 Ne6 44. Ke3 Nd4 45. g4+ Kg5 46. Ke4 Ne6 47. Ne7 Nf4 48. Nf5 d5+ 49. cxd5 Kf6 50. d6 Ke6 51. Bb3+ Kf6 52. d7 Ne6 53. Bxe6 Kg5 54. d8=Q+ 1-0

[Event "*** SCC Grand Prix: Titled Tuesday Blitz"]
[Site "Chess.com"]
[Date "2020.06.02"]
[Round "2"]
[White "Maxim_e2e4"]
[Black "luizwas"]
[Result "1-0"]
[WhiteElo "2340"]
[BlackElo "1851"]
[TimeControl "180+1"]
[EndTime "10:16:42 PDT"]
[Termination "Maxim_e2e4 won by checkmate"]

1. e4 e6 2. d4 d5 3. Nd2 Nc6 4.
Ngf3 Nf6 5. e5 Nd7 6. Be2 f6 7.
exf6 Qxf6 8. Nf1 Bd6 9. Ne3 O-O 10. O-O Qg6 11. c4 Nf6 12. c5 Be7 13. Bb5 Qh5 14.
Bxc6 bxc6 15. Ne5 Qxd1 16. Rxd1 Ne4 17. f3 Ng5 18. Nxc6 Bf6 19. Ng4 Bb7 20. Nce5 Bxe5 21. Nxe5 Nf7 22. Bf4 Nxe5 23. Bxe5 Ba6 24. Bxc7 Bb5 25.
a4 Bc4 26. b4 Rfc8 27. Be5 Kf7 28. b5 g5 29. Kf2 a6 30. b6 Rcb8 31. Bxb8 Rxb8 32.
a5 Kf6 33. c6 Ke7 34. c7 Rc8 35.
b7 Kd7 36. b8=Q Rxc7 37. Rab1 Bb5 38. Rxb5 axb5 39. Qxb5+ Ke7 40. Rd2 Rc2 41. Rxc2 Kf6 42. a6 e5 43. Qxd5 Kf5 44. Qxe5+ Kg6 45. Rc7 g4 46. Rg7+ Kh6 47. Qg5# 1-0

[Event "*** SCC Grand Prix: Titled Tuesday Blitz"]
[Site "Chess.com"]
[Date "2020.06.02"]
[Round "2"]
[White "Igrok3069"]
[Black "Oglob71"]
[Result "1-0"]
[WhiteElo "2771"]
[BlackElo "2514"]
[TimeControl "180+1"]
[EndTime "10:16:43 PDT"]
[Termination "Igrok3069 won by resignation"]

1. d4 Nf6 2. Nf3 e6 3. c4 b6 4. a3 Bb7 5. Nc3 Ne4 6. Nxe4 Bxe4 7. Nd2 Bg6 8. e4 Nc6 9. d5 Nd4 10. Bd3 c5 11. O-O e5 12. f4 exf4 13. Nf3 Bd6 14. Nxd4 cxd4 15. Bxf4 Bxf4 16. Rxf4 d6 17.
h4 Qe7 18. h5 Qe5 19. Rh4 Qg5 20. Rh3 O-O-O 21. Qf3 f6 22. hxg6 hxg6 23. Rd1 Kc7 24. Qg3 Qe5 25. Qxe5 dxe5 26. Rxh8 Rxh8 27. b4 Kd6 28.
Rc1 Rc8 29. Kf2 g5 30. Ke2 g6 31. Bb1 a5 32. g4 axb4 33. axb4 Rh8 34. c5+ bxc5 35. bxc5+ Kc7 36. Kd3 Rh4 37. Ba2 Rh3+ 38. Kc4 Ra3 39. Bb3 d3 40. Rd1 1-0

[Event "*** SCC Grand Prix: Titled Tuesday Blitz"]
[Site "Chess.com"]
[Date "2020.06.02"]
[Round "2"]
[White "GjakanTati"]
[Black "BabyBoss31"]
[Result "1-0"]
[WhiteElo "2612"]
[BlackElo "2305"]
[TimeControl "180+1"]
[EndTime "10:16:43 PDT"]
[Termination "GjakanTati won by resignation"]

1. d4 d5 2. c4 dxc4 3. e3 Nf6 4. Bxc4 e6 5. Nf3 c5 6. Nc3 a6 7. a4 Nc6 8. O-O Be7 9. Ba2 cxd4 10. exd4 Nb4 11.
Bb1 b6 12. a5 b5 13. Ne5 Bb7 14. Bg5 Nfd5 15. Bxe7 Qxe7 16. Ne4 O-O 17. Qh5 h6 18. Ra3 Nf4 19. Qg4 f5 20. Qxf4 fxe4 21. Qg4 Qg5 22. Qxe6+ Kh7 23. Rg3 Qf6 24. Qd7 Bd5 25. Rg6 Rfd8 26.
Qg4 Qf8 27. Bxe4 Bxe4 28. Qxe4 Kh8 29. Rxh6+ gxh6 30. Ng6+ Kg7 31. Nxf8 Kxf8 32. Qh7 Nd5 1-0

[Event "*** SCC Grand Prix: Titled Tuesday Blitz"]
[Site "Chess.com"]
[Date "2020.06.02"]
[Round "2"]
[White "Giraffe_Chess"]
[Black "FMOlexandrProhorov"]
[Result "1-0"]
[WhiteElo "2381"]
[BlackElo "2072"]
[TimeControl "180+1"]
[EndTime "10:16:43 PDT"]
[Termination "Giraffe_Chess won on time"]

1. d4 g6 2. c4 Bg7 3. Nc3 c5 4. d5 Bxc3+ 5. bxc3 f5 6. e4 fxe4 7. f3 e3 8. Bxe3 Qa5 9. Qd2 Nf6 10. h4 d6 11. Ne2 Nbd7 12. Nf4 Nb6 13. h5 gxh5 14. Nxh5 Nxh5 15. Rxh5 Bd7 16. Rb1 O-O-O 17. Qd3 Na4 18. Rb3 e6 19. Rxh7 Rxh7 20. Qxh7 exd5 21. cxd5 Re8 22.
Kf2 Nxc3 23. Rxb7 Nd1+ 24. Kg1 Rd8 25. Qb1 1-0

[Event "*** SCC Grand Prix: Titled Tuesday Blitz"]
[Site "Chess.com"]
[Date "2020.06.02"]
[Round "2"]
[White "Gennady_Kozlov"]
[Black "OparinGrigoriy"]
[Result "0-1"]
[WhiteElo "2564"]
[BlackElo "2908"]
[TimeControl "180+1"]
[EndTime "10:16:44 PDT"]
[Termination "OparinGrigoriy won by resignation"]

1. b3 Nf6 2. Bb2 d5 3. e3 e6 4.
f4 Bd6 5. Nf3 O-O 6. Be2 c5 7.
O-O Nc6 8. Ne5 Bd7 9. d3 Qc7 10. Nxd7 Nxd7 11. Nd2 d4 12. Nc4 dxe3 13. g3 Be7 14.
Nxe3 Bf6 15. Bxf6 Nxf6 16. Bf3 Nd4 17. c3 Nxf3+ 18. Qxf3 Rad8 19. Rad1 Nd5 20. Nxd5 Rxd5 21. d4 Rfd8 22. dxc5 Qxc5+ 23. Kh1 h5 24. c4 Rd2 25.
Rxd2 Rxd2 26. Qxb7 Rxa2 27. Qa8+ Kh7 28. Qe4+ g6 29. h3 Rb2 30. Qf3 Qf5 31. g4 Qc2 32. Qg3 Rxb3 33. Qg2 Qd3 34. f5 exf5 35. gxf5 Qxh3+ 36. Qxh3 Rxh3+ 37. Kg2 Rc3 38. Ra1 Rxc4 39. Rxa7 Kg8 40.
Kf3 Rc5 41. fxg6 fxg6 42. Ke4 Rf5 0-1

[Event "*** SCC Grand Prix: Titled Tuesday Blitz"]
[Site "Chess.com"]
[Date "2020.06.02"]
[Round "2"]
[White "AlexSuv"]
[Black "PlayChessSimple"]
[Result "1/2-1/2"]
[WhiteElo "2674"]
[BlackElo "2529"]
[TimeControl "180+1"]
[EndTime "10:16:44 PDT"]
[Termination "Game drawn by agreement"]

1. d4 e6 2. Nf3 f5 3. g3 Nf6 4. Bg2 g6 5. O-O Bg7 6. c4 O-O 7. Nc3 d6 8. Re1 Nc6 9. e4 e5 10. dxe5 dxe5 11. Qxd8 Rxd8 12. exf5 Bxf5 13. Bg5 Re8 14. Rad1 e4 15. Nd2 Rad8 16. Bxf6 Bxf6 17. Ndxe4 Rxd1 18. Nxf6+ Kf7 19. Rxd1 Kxf6 20. Nd5+ Kg7 21.
Nxc7 Re2 22. b3 Rxa2 23. Nb5 Bc2 24. Rd7+ Kf6 25. h4 Bxb3 26. Bd5 Ne5 27. Rxb7 Bxc4 28. Bxc4 Nxc4 29. Rxa7 Rxa7 30. Nxa7 h5 31. Nc6 Nd6 32.
Kg2 Kf5 33. Nd4+ Ke4 34. Ne6 Kf5 35. Ng5 Nc4 36. f3 Ne5 37. Kf2 Nc4 38. Ne4 Ke5 39. Ke2 Nb6 40. Nf2 1/2-1/2

[Event "*** SCC Grand Prix: Titled Tuesday Blitz"]
[Site "Chess.com"]
[Date "2020.06.02"]
[Round "2"]
[White "imdarealist"]
[Black "saikrishnaReturns"]
[Result "0-1"]
[WhiteElo "2240"]
[BlackElo "2631"]
[TimeControl "180+1"]
[EndTime "10:16:44 PDT"]
[Termination "saikrishnaReturns won by checkmate"]

1. d4 Nf6 2. Bf4 g6 3. e3 Bg7 4. Nf3 O-O 5. h3 d6 6. c3 Nfd7 7.
Bh2 e5 8. Be2 Nc6 9. O-O f5 10.
Qc2 e4 11. Nfd2 Qh4 12. Bg3 Qh6 13. c4 g5 14. Nc3 f4 15. Bh2 f3 16. gxf3 exf3 17.
Bxf3 Rxf3 18. Nxf3 Qxh3 19. Bg3 Nf6 20. Nxg5 Qh5 21.
Nce4 Ng4 22. Qe2 h6 23. Nf3 Bf5 24. Nfd2 Qg6 25. Nc3 Bd3 26. Qf3 Rf8 27. Qd5+ Kh8 28. a3 Rf5 29. Kg2 Rxd5 30. cxd5 Ne7 31. Rh1 Nf5 32.
Rae1 Nxf2 33. Rh3 Nxh3 34. Kxh3 Qxg3# 0-1

[Event "*** SCC Grand Prix: Titled Tuesday Blitz"]
[Site "Chess.com"]
[Date "2020.06.02"]
[Round "2"]
[White "Juanovic"]
[Black "Pudor"]
[Result "0-1"]
[WhiteElo "2118"]
[BlackElo "2393"]
[TimeControl "180+1"]
[EndTime "10:16:44 PDT"]
[Termination "Pudor won by resignation"]

1. e4 c5 2. Nf3 Nc6 3. Nc3 e6 4. g3 g6 5. Bg2 Bg7 6. O-O d6 7.
d3 Nge7 8. Re1 O-O 9. Bg5 h6 10. Bf4 e5 11. Bd2 Be6 12. h3 Qd7 13. Kh2 Kh7 14.
Ne2 d5 15. exd5 Nxd5 16. a3 Rad8 17. Qc1 f5 18. Nc3 Nb6 19. a4 Rfe8 20. a5 Nd5 21.
Nxd5 Bxd5 22. Bc3 Nd4 23. Bxd4 cxd4 24. c4 dxc3 25. bxc3 Qc6 26. Nh4 Bxg2 27. Nxg2 Rxd3 28. c4 Rc8 29. Rb1 Rd7 30. Ne3 Qf3 31. Kg1 f4 32. gxf4 exf4 33. Ng2 Rf8 34. h4 Qg4 35. Kf1 f3 36. Ne3 Qxh4 0-1

[Event "*** SCC Grand Prix: Titled Tuesday Blitz"]
[Site "Chess.com"]
[Date "2020.06.02"]
[Round "2"]
[White "TrenerChos"]
[Black "Boudicca64"]
[Result "1-0"]
[WhiteElo "2357"]
[BlackElo "1988"]
[TimeControl "180+1"]
[EndTime "10:16:44 PDT"]
[Termination "TrenerChos won on time"]

1. e4 c5 2. Nf3 e6 3. c4 Nc6 4. Be2 g6 5. O-O Bg7 6. Nc3 Nge7 7. d3 O-O 8. Be3 Nd4 9. Rb1 d5 10. cxd5 exd5 11. Nxd5 Nxd5 12. exd5 Qxd5 13. Nxd4 cxd4 14. Bf3 Qxa2 15. Bf4 Be6 16. Re1 Bd5 17. Ra1 Bxf3 18. Qxf3 Qxb2 19. Rab1 Qc3 20. Rec1 Qa3 21. Rxb7 Rac8 22.
Rxc8 Rxc8 23. g3 Qa6 24. h4 Qe6 25. Rxa7 Qf5 26. Kg2 h5 27. Re7 Rc3 28. Re4 Qg4 29. Re8+ Kh7 30. Qe4 1-0

[Event "*** SCC Grand Prix: Titled Tuesday Blitz"]
[Site "Chess.com"]
[Date "2020.06.02"]
[Round "2"]
[White "Skatchkov_V"]
[Black "ram1zan"]
[Result "0-1"]
[WhiteElo "2547"]
[BlackElo "2852"]
[TimeControl "180+1"]
[EndTime "10:16:45 PDT"]
[Termination "ram1zan won by resignation"]

1. d4 Nf6 2. c4 e6 3. Nf3 c5 4. d5 exd5 5. cxd5 Bd6 6. Nc3 O-O 7. g3 Re8 8. Bg2 Bc7 9. O-O d6 10. a4 Nbd7 11. Bf4 Nf8 12. Qc2 Ng6 13. Bg5 h6 14.
Bd2 a6 15. Rfe1 Rb8 16. e4 b5 17. axb5 axb5 18. b4 cxb4 19. Na2 b3 20. Qxb3 Nxe4 21. Nb4 Nc5 22. Qc2 Bd7 23. Nd4 Qf6 24. Ndc6 Rxe1+ 25.
Rxe1 Re8 26. Rxe8+ Bxe8 27. Bc3 Qg5 28. h4 Qg4 29.
Kh2 Bd7 30. f3 Qc4 31. Qb2 Na4 0-1

[Event "*** SCC Grand Prix: Titled Tuesday Blitz"]
[Site "Chess.com"]
[Date "2020.06.02"]
[Round "2"]
[White "LiamPutnam2008"]
[Black "baki83"]
[Result "0-1"]
[WhiteElo "2532"]
[BlackElo "2831"]
[TimeControl "180+1"]
[EndTime "10:16:45 PDT"]
[Termination "baki83 won by checkmate"]

1. d4 Nf6 2. c4 e6 3. Nc3 Bb4 4. Qc2 O-O 5. a3 Bxc3+ 6. Qxc3 b6 7. Bg5 Bb7 8. e3 d6 9. Ne2 Nbd7 10. Qc2 h6 11. Bh4 c5 12. Rd1 Qc7 13. Nc3 a6 14.
Bg3 e5 15. d5 g6 16. Bd3 Kg7 17. O-O Rae8 18. b4 Bc8 19. Rfe1 Nh5 20. Qe2 f5 21. f3 Ndf6 22. Qc2 Nxg3 23. hxg3 Qe7 24. Na4 Qd8 25. Rb1 Nh5 26. bxc5 bxc5 27. Qf2 Qg5 28. Rb6 Nxg3 29. Rxd6 e4 30. Qb2+ Kh7 31. f4 Qh4 32. Bb1 g5 33.
Nxc5 gxf4 34. exf4 e3 35. Rxe3 Qh1+ 36. Kf2 Qf1+ 37.
Kxg3 Rxe3+ 38. Kh2 Qxf4+ 39. g3 Qxg3+ 40. Kh1 Re1# 0-1

[Event "*** SCC Grand Prix: Titled Tuesday Blitz"]
[Site "Chess.com"]
[Date "2020.06.02"]
[Round "2"]
[White "boasovietica"]
[Black "Mbneu"]
[Result "0-1"]
[WhiteElo "2432"]
[BlackElo "2249"]
[TimeControl "180+1"]
[EndTime "10:16:46 PDT"]
[Termination "Mbneu won by resignation"]

1. e4 c5 2. Nf3 Nf6 3. Nc3 d5 4. exd5 Nxd5 5. Bc4 Nb6 6. Bb5+ Bd7 7. Ne5 Bxb5 8. Qf3 Bc4 9. Nxc4 Nxc4 10. Qxb7 Nd7 11.
Nb5 Rc8 12. Nxa7 Nd6 13. Qf3 Rc7 14. Nc6 Qa8 15. Ne5 Qxf3 16. Nxf3 e5 17. d3 Be7 18. Be3 O-O 19. O-O f5 20. Bd2 h6 21. Bc3 Bf6 22. Rad1 Nb5 23. Bd2 Nd4 24. Nxd4 cxd4 25. c4 dxc3 26. bxc3 Ra8 27. Ra1 Rca7 28. Rfb1 Rxa2 29.
Rxa2 Rxa2 30. Be1 Nc5 31. Rd1 e4 32. d4 Nd3 33. Kf1 Rc2 0-1

[Event "*** SCC Grand Prix: Titled Tuesday Blitz"]
[Site "Chess.com"]
[Date "2020.06.02"]
[Round "2"]
[White "ViktoriyaTarasova"]
[Black "gross-aleks"]
[Result "0-1"]
[WhiteElo "2262"]
[BlackElo "2546"]
[TimeControl "180+1"]
[EndTime "10:16:47 PDT"]
[Termination "gross-aleks won by resignation"]

1. d4 Nf6 2. c4 e6 3. Nc3 Bb4 4.
Qc2 O-O 5. Nf3 c5 6. dxc5 Na6 7.
g3 Nxc5 8. Bg2 Nfe4 9. O-O Bxc3 10. bxc3 f5 11. Nd4 b6 12. f3 Nd6 13. a4 Nxc4 14.
Qa2 d5 15. e4 fxe4 16. fxe4 Rxf1+ 17. Bxf1 Nxe4 18. Bxc4 dxc4 19. Qxc4 Qd5 20. Qxd5 exd5 21.
Nb5 Bh3 22. Bf4 g5 23. Be5 Rf8 24. Nxa7 Rf2 25. Bd4 Rg2+ 26. Kh1 Rc2 27. Re1 Nd2 28. Nc6 Nf3 29. Re8+ Kf7 30. Ne5+ Kxe8 31. Nxf3 Bg2+ 0-1

[Event "*** SCC Grand Prix: Titled Tuesday Blitz"]
[Site "Chess.com"]
[Date "2020.06.02"]
[Round "2"]
[White "tamarozi99"]
[Black "VALPARAISO37"]
[Result "0-1"]
[WhiteElo "2018"]
[BlackElo "2363"]
[TimeControl "180+1"]
[EndTime "10:16:47 PDT"]
[Termination "VALPARAISO37 won on time"]

1. e4 e5 2. Nf3 Nc6 3. Bb5 a6 4.
Ba4 Nf6 5. d3 Bc5 6. c3 b5 7. Bb3 d6 8. h3 Bb6 9. O-O O-O 10. Be3 Rb8 11. Nbd2 Ne7 12. d4 Ng6 13. Re1 h6 14. Qc2 Re8 15. a4 Be6 16. d5 Bd7 17. Nf1 Nh5 18. Kh2 Nhf4 19. Ng3 Qc8 20. Nf5 Kh7 21. g3 Nh5 22. Qc1 Bxf5 23. exf5 Qxf5 24.
Qd1 Bxe3 25. Rxe3 Nf6 26. Bc2 Qd7 27. Nh4 bxa4 28. Bxa4 Qc8 29. Bxe8 Qxe8 30. Nxg6 fxg6 31. Rxa6 Rxb2 32. Ra7 Rxf2+ 33. Kg1 Qf7 34. Kxf2 Ng4+ 35.
Ke2 Qf2+ 36. Kd3 Qxe3+ 37. Kc2 Nf2 38. Qa1 Qd3+ 39. Kb3 Qxd5+ 40. c4 Qc5 0-1

[Event "*** SCC Grand Prix: Titled Tuesday Blitz"]
[Site "Chess.com"]
[Date "2020.06.02"]
[Round "2"]
[White "Vision_64"]
[Black "ElviraBerend"]
[Result "0-1"]
[WhiteElo "2153"]
[BlackElo "2402"]
[TimeControl "180+1"]
[EndTime "10:16:48 PDT"]
[Termination "ElviraBerend won by resignation"]

1. e4 c5 2. Nf3 e6 3. d3 Nc6 4. g3 g6 5. Bg2 Bg7 6. O-O Nge7 7. c3 d5 8. Nbd2 O-O 9. Re1 dxe4 10. dxe4 Qc7 11.
a4 b6 12. Qc2 Bb7 13. Nc4 Rad8 14. Bf4 e5 15. Bg5 Ba6 16. Nfd2 Qd7 17. Rad1 Qe6 18. b3 h6 19. Bxe7 Qxe7 20. Ne3 Bd3 21. Qb2 f5 22. Nd5 Qf7 23. Nc4 fxe4 24. Nce3 Rxd5 25. Nxd5 Qxd5 26. Bxe4 Bxe4 27. Rxd5 Bxd5 28. Rd1 Bf3 29. Rd7 e4 30. Qd2 Ne5 31. Qd5+ Nf7 32. Rxa7 g5 33. c4 g4 34. a5 e3 35. fxe3 Bxd5 36. cxd5 bxa5 37. Rxa5 Rb8 38. Rxc5 Rxb3 39. Rc8+ Kh7 40. Rc7 Kg6 41.
Kf2 Ne5 42. d6 Rd3 0-1

[Event "*** SCC Grand Prix: Titled Tuesday Blitz"]
[Site "Chess.com"]
[Date "2020.06.02"]
[Round "2"]
[White "BIG_Pirate"]
[Black "Alexander_Donchenko"]
[Result "0-1"]
[WhiteElo "2358"]
[BlackElo "2697"]
[TimeControl "180+1"]
[EndTime "10:16:49 PDT"]
[Termination "Alexander_Donchenko won by resignation"]

1. Nf3 Nf6 2. c4 e6 3. g3 a6 4. Bg2 b5 5. b3 c5 6. Na3 Qb6 7. O-O Bb7 8. Qc2 Be7 9. Bb2 O-O 10. Rfd1 h6 11. Rac1 d5 12. d4 dxc4 13. bxc4 b4 14.
Nb1 Nbd7 15. Nbd2 Rfc8 16. Nb3 a5 17. e3 a4 18. Nxc5 Nxc5 19. dxc5 Qxc5 20. Ne5 Bxg2 21. Kxg2 Rab8 22. Kg1 b3 23. axb3 axb3 24. Qc3 Qb4 25.
Qd4 Rd8 26. Qf4 Rxd1+ 27. Rxd1 Rd8 28. Rxd8+ Bxd8 29. Nc6 Qd2 30. Qd4 Qe1+ 31. Kg2 Bc7 32. h3 Qb1 33. g4 Qc2 34. h4 h5 35. g5 Qe4+ 36. Qxe4 Nxe4 37. Kf3 Nd2+ 38. Ke2 Nxc4 39. Kd3 Nxb2+ 0-1

[Event "*** SCC Grand Prix: Titled Tuesday Blitz"]
[Site "Chess.com"]
[Date "2020.06.02"]
[Round "2"]
[White "KaterinaMiroshnik"]
[Black "topotun"]
[Result "1/2-1/2"]
[WhiteElo "2435"]
[BlackElo "2717"]
[TimeControl "180+1"]
[EndTime "10:16:50 PDT"]
[Termination "Game drawn by repetition"]

1. d3 Nf6 2. Nd2 c5 3. Ngf3 Nc6 4. e4 d6 5. Be2 g6 6. O-O Bg7 7. c3 O-O 8. Re1 e5 9. Bf1 b5 10. b3 Rb8 11. Bb2 h6 12. Qc2 Be6 13. a3 Kh7 14.
g3 Qd7 15. Bg2 Ne8 16. Nh4 f5 17. exf5 gxf5 18. f4 exf4 19. gxf4 Nc7 20. Ndf3 Bf6 21. Qf2 Bxb3 22. Bh3 Bxh4 23. Qxh4 Rg8+ 24. Kf2 Rg6 25.
Qh5 Rf8 26. c4 Nd4 27. Bxd4 cxd4 28. Nxd4 bxc4 29. Bxf5 Rxf5 30. Qxf5 Qxf5 31. Nxf5 Nd5 32. dxc4 Bxc4 33. Rg1 Rf6 34. Rab1 Rxf5 35. Rb7+ Kh8 36.
Rb8+ Kh7 37. Rb7+ Kh8 38. Rb8+ Kh7 39. Rb7+ 1/2-1/2

[Event "*** SCC Grand Prix: Titled Tuesday Blitz"]
[Site "Chess.com"]
[Date "2020.06.02"]
[Round "2"]
[White "SergeyKarjakin"]
[Black "wild_cat99"]
[Result "1-0"]
[WhiteElo "2932"]
[BlackElo "2570"]
[TimeControl "180+1"]
[EndTime "10:16:53 PDT"]
[Termination "SergeyKarjakin won by checkmate"]

1. e4 c5 2. Nf3 d6 3. d4 cxd4 4. Nxd4 Nf6 5. Nc3 a6 6. Bd3 e6 7.
f4 Qc7 8. Qf3 b5 9. g4 Bb7 10.
g5 Nfd7 11. a3 Nc5 12. Be3 Nbd7 13. h4 Nb6 14. f5 e5 15. Nde2 O-O-O 16. b4 Nca4 17.
Nxa4 Nxa4 18. O-O d5 19. exd5 Bxd5 20. Be4 Qc4 21. Bxd5 Qxd5 22. Qg4 Kb8 23. Rad1 Qxd1 24. Rxd1 Rxd1+ 25. Kf2 Rd6 26. c4 Nb2 27. cxb5 Nd1+ 28. Kg3 Nxe3 29. Qe4 Nd5 30. bxa6 Be7 31. Nc3 Rhd8 32. b5 R6d7 33. Nxd5 Rxd5 34. b6 Rd3+ 35. Kg4 R3d4 36. a7+ Kc8 37. a8=Q+ Kd7 38. Qc6# 1-0

[Event "*** SCC Grand Prix: Titled Tuesday Blitz"]
[Site "Chess.com"]
[Date "2020.06.02"]
[Round "2"]
[White "ftorodent"]
[Black "hellokostya"]
[Result "1-0"]
[WhiteElo "2666"]
[BlackElo "2433"]
[TimeControl "180+1"]
[EndTime "10:16:53 PDT"]
[Termination "ftorodent won by checkmate"]

1. d4 Nf6 2. c4 g6 3. Nc3 Bg7 4.
e4 d6 5. Nf3 O-O 6. Be2 e5 7.
Be3 Na6 8. O-O c6 9. a3 Qe7 10. d5 Ng4 11. Bg5 f6 12. Bh4 c5 13. Nd2 h5 14. h3 Nh6 15. Rb1 Nf7 16. b4 b6 17. Nb3 Bh6 18. bxc5 Nxc5 19. Nxc5 bxc5 20. Qa4 Bg5 21. Bxg5 fxg5 22. Qc6 Bd7 23. Rb7 Rad8 24. Rxa7 Nh6 25. Rb1 Qe8 26. Qxd6 Bxh3 27. Qe7 Bg4 28.
Qg7# 1-0

[Event "*** SCC Grand Prix: Titled Tuesday Blitz"]
[Site "Chess.com"]
[Date "2020.06.02"]
[Round "2"]
[White "Bayernbk"]
[Black "Jadeit90"]
[Result "1/2-1/2"]
[WhiteElo "2519"]
[BlackElo "2292"]
[TimeControl "180+1"]
[EndTime "10:16:54 PDT"]
[Termination "Game drawn by agreement"]

1. e4 g6 2. d4 Bg7 3. c3 c5 4. Bd3 cxd4 5. cxd4 Bxd4 6. Nf3 Bg7 7. Nc3 Nc6 8. O-O Nf6 9. Nd5 O-O 10. Bg5 e6 11. Nc3 h6 12. Bh4 g5 13. Bg3 d5 14. exd5 Nxd5 15.
Qe2 Nxc3 16. bxc3 f5 17. Rad1 Qf6 18. Bc7 Qxc3 19. Rfe1 g4 20. Nh4 Nd4 21. Qe3 Qxc7 22. Ng6 Rd8 23. Nf4 e5 24. Nh5 e4 25. Rc1 Qe5 26. Bb1 Be6 27. g3 Rac8 28. Kg2 Nf3 29. Red1 Rxd1 30. Rxd1 Rf8 31. Nf4 Nd4 32. Rxd4 Qxd4 33.
Qxd4 Bxd4 34. Nxe6 Bg7 35. Nxf8 Kxf8 36. h3 h5 37.
hxg4 hxg4 38. Bc2 Ke7 39. Bb3 Kf6 40. Kf1 Ke5 41. Ke2 Bh6 42. Bf7 Bc1 43. Bg8 Ba3 44. Bb3 Bd6 45. Bg8 Kf6 46. Bd5 Ke5 47. Bxb7 f4 48.
gxf4+ Kxf4 49. Bd5 Bc5 1/2-1/2

[Event "*** SCC Grand Prix: Titled Tuesday Blitz"]
[Site "Chess.com"]
[Date "2020.06.02"]
[Round "2"]
[White "ChEsper99"]
[Black "colegiodemadrid"]
[Result "0-1"]
[WhiteElo "2055"]
[BlackElo "2374"]
[TimeControl "180+1"]
[EndTime "10:16:54 PDT"]
[Termination "colegiodemadrid won on time"]

1. e4 c5 2. Nf3 d6 3. Bb5+ Bd7 4. Bxd7+ Nxd7 5. c4 g6 6. d4 cxd4 7. Nxd4 Bg7 8. Be3 Ngf6 9. Nc3 Rc8 10. b3 Qa5 11. Qd2 Ng4 12. O-O Nxe3 13. Qxe3 O-O 14. Rfd1 Nf6 15. f3 a6 16. Rac1 e6 17. Nde2 Rfd8 18. Rd2 Bf8 19. Rcd1 d5 20. exd5 Bc5 21. Nd4 exd5 22.
Nxd5 Nxd5 23. cxd5 Rxd5 24. Kh1 Rcd8 25. Qe4 Bxd4 26. Rxd4 Rxd4 27. Rxd4 Rxd4 28. Qxd4 Qe1+ 29. Qg1 Qd2 30. Qb1 h5 31. h3 h4 32. Kh2 Qf4+ 33. Kh1 b5 34. Qc2 Kh7 35. Kg1 Qd4+ 36. Kh1 a5 37.
Kh2 b4 38. Qe2 Qf4+ 39. Kh1 Kh6 40. Qc2 f5 41. Qc8 Qd4 0-1

[Event "*** SCC Grand Prix: Titled Tuesday Blitz"]
[Site "Chess.com"]
[Date "2020.06.02"]
[Round "2"]
[White "Alex_Molchanov"]
[Black "gmyarick"]
[Result "0-1"]
[WhiteElo "2503"]
[BlackElo "2752"]
[TimeControl "180+1"]
[EndTime "10:16:57 PDT"]
[Termination "gmyarick won by resignation"]

1. d4 Nf6 2. Nf3 g6 3. g3 Bg7 4. Bg2 O-O 5. O-O d5 6. c4 dxc4 7. Na3 c3 8. bxc3 c5 9. e3 Nc6 10. Nc4 Bf5 11. Nfe5 Nxe5 12. Nxe5 Qc7 13. Ba3 Ne4 14.
g4 Nxc3 15. Qe1 cxd4 16. exd4 Nb5 17. Rc1 Qd8 18. gxf5 Nxa3 19. fxg6 hxg6 20. Nxg6 fxg6 21. Qe6+ Kh7 22. Qh3+ Bh6 23. Qxa3 Bxc1 24. Rxc1 Qxd4 25. Qxe7+ Kh8 26. Kh1 Rae8 27. Qg5 Qf4 28. Qc5 Qxf2 29. Qc3+ Qf6 30. Qc7 Re2 31. Qxb7 Qf2 32. Rf1 Re1 33. Qb2+ Qxb2 34. Rxe1 Qxa2 0-1

[Event "*** SCC Grand Prix: Titled Tuesday Blitz"]
[Site "Chess.com"]
[Date "2020.06.02"]
[Round "2"]
[White "LiamVrolijk"]
[Black "joksijoksi"]
[Result "1-0"]
[WhiteElo "2844"]
[BlackElo "2331"]
[TimeControl "180+1"]
[EndTime "10:16:57 PDT"]
[Termination "LiamVrolijk won on time"]

1. d4 e6 2. Nf3 d5 3. c4 c6 4.
Nbd2 f5 5. g3 Nf6 6. Bg2 Bd6 7.
O-O O-O 8. Ne5 Nbd7 9. Nd3 b6 10.
b3 Bb7 11. Nf3 Ne4 12. Bf4 Qe7 13. Bxd6 Qxd6 14. Rc1 Rac8 15. e3 c5 16. cxd5 Bxd5 17. Nf4 Nef6 18. Nxd5 Nxd5 19. Qd2 N5f6 20. Rfd1 Qe7 21.
Qd3 Rfd8 22. Qa6 Rc7 23. Ne5 Nxe5 24. dxe5 Nd5 25. a3 h6 26. Rd3 Rcd7 27. Rcd1 Kh7 28. Qc4 Nc7 29. Bc6 Rxd3 30. Rxd3 a6 31. a4 Rxd3 32.
Qxd3 g6 33. Qd6 1-0

[Event "*** SCC Grand Prix: Titled Tuesday Blitz"]
[Site "Chess.com"]
[Date "2020.06.02"]
[Round "2"]
[White "IngOscarArdila"]
[Black "sorrm8thatscheckm8"]
[Result "0-1"]
[WhiteElo "2071"]
[BlackElo "2381"]
[TimeControl "180+1"]
[EndTime "10:16:57 PDT"]
[Termination "sorrm8thatscheckm8 won by checkmate"]

1. d4 Nf6 2. c4 g6 3. Nc3 Bg7 4. e4 d6 5. Nf3 O-O 6. Be2 e5 7. O-O Nbd7 8. Bg5 h6 9. Bxf6 Bxf6 10. d5 Bg7 11. b4 a5 12. a3 f5 13. Nd2 f4 14. Bg4 Nf6 15. Bxc8 Qxc8 16.
f3 g5 17. c5 g4 18. Nc4 Ne8 19. Nb5 Qd7 20. Nc3 gxf3 21. Qxf3 Qe7 22. cxd6 cxd6 23.
Nb6 Ra6 24. Nca4 axb4 25. axb4 Rf6 26. b5 Ra5 27. Rab1 Rg6 28. Rf2 Qg5 29. Kh1 Qh4 30.
Rfb2 Rg3 31. Qf2 Nf6 32. Kg1 Ng4 33. hxg3 Qh2+ 34. Kf1 Nxf2 35. Rxf2 Qh1+ 36. Ke2 Qxb1 37. Kf3 Qd3+ 38. Kg4 Qxg3+ 39. Kh5 Qg5# 0-1

[Event "*** SCC Grand Prix: Titled Tuesday Blitz"]
[Site "Chess.com"]
[Date "2020.06.02"]
[Round "2"]
[White "DenLaz"]
[Black "Olga_Zhuravleva"]
[Result "1-0"]
[WhiteElo "2633"]
[BlackElo "2248"]
[TimeControl "180+1"]
[EndTime "10:16:58 PDT"]
[Termination "DenLaz won by resignation"]

1. d4 g6 2. e4 Bg7 3. Nc3 d6 4. h4 h6 5. f4 Nc6 6. Be3 e5 7. fxe5 dxe5 8. d5 Nce7 9. h5 g5 10. g4 Nf6 11. Be2 a6 12. Nh3 Qd6 13. Nf2 c6 14. dxc6 Qxd1+ 15. Rxd1 Nxc6 16. Nd5 O-O 17. c3 Rd8 18. Bf3 Be6 19. Nc7 Rxd1+ 20. Bxd1 Rd8 21.
Nxe6 fxe6 22. Ke2 Na5 23. Bb6 Rxd1 24. Rxd1 Nc4 25. Bd8 Nxb2 26. Rb1 Na4 27. Rxb7 Nxc3+ 28. Kd3 Nb5 29. Bxf6 Bxf6 30. Rb6 Nd4 31. Rxa6 Kf7 32. a4 Bd8 33. Nd1 Nb3 34. Rc6 Ke7 35. Ne3 Kd7 36.
Rc3 Na5 37. Nc4 Nc6 38. Rb3 Bc7 39. Rb5 Nd4 40. Rxe5 Bxe5 41. Nxe5+ Kd6 42. Kxd4 1-0